 Dungeon Crawl Stone Soup version 0.31-a0-271-gb88eb75e06 (webtiles) character file.

Game seed: 5742063332331254792

5722 GloriousHammer the Basher (level 10, -2/87 HPs)
             Began as an Armataur Berserker on July 14, 2023.
             Was a Priest of Trog.
             Slain by a wolf (4 damage)
             ... on level 9 of the Dungeon.
             The game lasted 00:18:41 (9116 turns).

GloriousHammer the Basher (Armataur Berserker)      Turns: 9116, Time: 00:18:42

Health: -2/87      AC: 12    Str: 26    XL:     10   Next: 48%
Magic:  10/10      EV:  6    Int:  9    God:    Trog [***...]
Gold:   442        SH:  0    Dex:  9    Spells: 9/9 levels left

rFire   . . .        a - +0 whip
rCold   . . .        (no shield)
rNeg    + . .        T - +0 plate armour
rPois   .            (no helmet)
rElec   .            (no cloak)
rCorr   +            A - +0 pair of gloves
SInv    .            (no barding)
Will    .....        G - amulet of regeneration Stlth
                     N - ring of positive energy
HPRegen 1.14/turn    v - ring of Cimybeby {rCorr Slay+2}
MPRegen 0.12/turn

%: roll
@: no status effects
A: large, rugged brown scales 3, deformed body, armoured tail, roll, long
tongue, awkward tongue
a: Renounce Religion, Berserk, Trog's Hand


You were on level 9 of the Dungeon.
You worshipped Trog.
Trog was most pleased with you.
You visited 3 branches of the dungeon, and saw 11 of its levels.

You collected 598 gold pieces.
You spent 156 gold pieces at shops.

Inventory:

Hand Weapons
 a - a +0 whip (weapon)
 k - a +0 sling
Missiles
 b - 22 poisoned darts
 f - 3 curare-tipped darts
 l - 9 atropa-tipped darts
 p - 2 throwing nets
 E - a boomerang
Armour
 A - a +0 pair of gloves (worn)
 T - a +0 plate armour (worn)
Jewellery
 v - the ring of Cimybeby (right hand) {rCorr Slay+2}
   (You found it on level 3 of the Dungeon)

   [ring of resist corrosion]

   Slay:      It affects your accuracy & damage with ranged weapons and melee
   (+2).
   rCorr:     It protects you from acid and corrosion.
 F - a ring of protection from fire
 G - an amulet of regeneration (around neck)
 L - a ring of flight
 N - a ring of positive energy (left hand)
Wands
 y - a wand of roots (10)
 K - a wand of polymorph (4)
 M - a wand of flame (27)
 O - a wand of mindburst (22)
 P - a wand of charming (14)
Scrolls
 g - 2 scrolls of butterflies
 i - 4 scrolls of fear
 j - 4 scrolls of vulnerability
 m - a scroll of acquirement
 n - 6 scrolls of teleportation
 q - 2 scrolls of immolation {unknown}
 r - a scroll of enchant weapon {unknown}
 s - a scroll of enchant armour {unknown}
 u - 2 scrolls of amnesia {unknown}
 x - 2 scrolls of revelation {unknown}
 z - a scroll of noise {unknown}
 B - a scroll of poison {unknown}
 J - 2 scrolls of fog {unknown}
 R - a scroll of brand weapon {unknown}
 S - a scroll of blinking {unknown}
Potions
 c - 2 potions of curing
 d - 3 potions of heal wounds
 e - a potion of resistance {unknown}
 h - 2 potions of lignification
 o - 2 potions of might
 t - a potion of degeneration {unknown}
 w - 2 potions of haste
 C - 3 potions of magic
 D - a potion of attraction {unknown}
 H - a potion of cancellation {unknown}
 I - a potion of invisibility {unknown}
 Q - 2 potions of mutation


   Skills:
 + Level 5.6 Fighting
 * Level 11.1 Maces & Flails
 - Level 3.0 Throwing
 + Level 6.9 Armour
 - Level 4.0 Dodging
 - Level 4.0 Evocations


You had 9 spell levels left.
You didn't know any spells.
Your spell library was empty.

Dungeon Overview and Level Annotations

Branches:
Dungeon (9/15)             Temple (1/1) D:7            Lair (1/5) D:9
    Orc: D:9-12

Altars:
Ashenzari
Cheibriados
Dithmenos
Elyvilon
Fedhas
Gozag
Hepliaklqana
Kikubaaqudgha
Makhleb
Nemelex Xobeh
Okawaru
Qazlal
Ru
Sif Muna
Trog
Uskayaw
Vehumet
Wu Jian
Xom
Yredelemnul
Zin
The Shining One

Shops:
D:4 ?

Annotations:
D:6 1 runed translucent door


Innate Abilities, Weirdness & Mutations

You are completely covered in rugged brown scales. (AC +3, +7% HP)
Armour fits poorly on your strangely shaped body.
You have a long armoured tail.
You roll when moving toward enemies. (Rampage)
Your long tongue fully drains potion bottles. (2x potion effects)
Your tongue gives you trouble enunciating. (1.5x scroll delay)


Message History

You miss the wolf.
The wolf is almost dead.
The wolf bites you.
You barely miss the wolf.
The wolf is almost dead.
You recover from your berserk rage.
The wolf closely misses you.
You hit the wolf but do no damage.
The wolf is almost dead.
The wolf bites you but does no damage.
You whack the wolf!
You kill the wolf!
Trog accepts your kill.
You barely miss the wolf. The wolf bites you but does no damage.
You closely miss the wolf. The wolf bites you but does no damage.
You hit the wolf.
The wolf is lightly wounded.
The wolf bites you but does no damage.
You hit the wolf.
You tail-slap the wolf, but do no damage.
The wolf is lightly wounded.
The wolf bites you!
You barely miss the wolf.
You tail-slap the wolf, but do no damage.
The wolf is lightly wounded.
The wolf bites you!
You closely miss the wolf.
The wolf is lightly wounded.
The wolf bites you but does no damage.
You whack the wolf!
The wolf is heavily wounded.
The wolf bites you.
You barely miss the wolf. You tail-slap the wolf!
The wolf is almost dead.
The wolf bites you.
You closely miss the wolf.
Your tail-slap misses the wolf.
The wolf is almost dead.
The wolf bites you.
You miss the wolf. Your punch misses the wolf.
The wolf is almost dead.
The wolf bites you but does no damage.
You closely miss the wolf.
The wolf is almost dead.
The wolf bites you.
You hit the wolf.
You kill the wolf!
Trog accepts your kill.
You closely miss the wolf.
Your tail-slap misses the wolf.
The wolf bites you.
You miss the wolf. You hit the wolf.
The wolf is lightly wounded.
The wolf bites you but does no damage.
You whack the wolf!
The wolf is moderately wounded.
The wolf bites you.
Okay, then.
The wolf bites you.
* * * LOW HITPOINT WARNING * * *
The wolf attacks as you move away! The wolf bites you but does no damage.
The wolf bites you.
* * * LOW HITPOINT WARNING * * *
There is a staircase back to the Dungeon here.
The wolf bites you but does no damage.
You climb upwards.
Welcome back to the Dungeon!
There is a staircase to the Lair here.
You miss the wolf.
The wolf is moderately wounded.
The wolf bites you.
* * * LOW HITPOINT WARNING * * *
You barely miss the wolf.
Your tail-slap misses the wolf.
The wolf is moderately wounded.
The wolf bites you but does no damage.
You whack the wolf!
The wolf is severely wounded.
The wolf bites you!
* * * LOW HITPOINT WARNING * * *
You barely miss the wolf.
The wolf is severely wounded.
The wolf bites you.
* * * LOW HITPOINT WARNING * * *
You closely miss the wolf.
The wolf is severely wounded.
The wolf bites you.
* * * LOW HITPOINT WARNING * * *
You closely miss the wolf.
The wolf is severely wounded.
The wolf bites you.
* * * LOW HITPOINT WARNING * * *
You barely miss the wolf.
The wolf is severely wounded.
The wolf bites you!
* * * LOW HITPOINT WARNING * * *
You hit the wolf.
Your tail-slap misses the wolf.
The wolf is almost dead.
The wolf bites you!
* * * LOW HITPOINT WARNING * * *
You closely miss the wolf.
The wolf is almost dead.
The wolf bites you.
You die...

# #.#..............#........... #
#.#...............#.)........ #
#.#..........................
#####.#..........................
......#.....#.#...#......###.....
......#......###.###.......#.###'
.............#....###.....##.#...
.....<....#..#............##.#...
................@h....#...##.#...
..........#..#............~#.####
.............#....###)....##.....
####...#.....##..###.......#.....
...#........#.#...#.......##.....
...#.............................
####.....#......##............###
#........#....................'..
#........#..........~.........#..


You could see a wolf.

Vanquished Creatures
  A two-headed ogre (D:8)
  Maggie (D:6)
  A rime drake (D:9)
  A polar bear (D:9)
  A hornet (D:9)
  Prince Ribbit (D:8)
  A shadow (D:9)
  A wraith (D:8)
  6 yaks
  A wyvern (D:8)
  2 steam dragons
  3 black bears
  3 ice beasts
  2 centaurs
  7 wolves
  A phantom (D:7)
  2 kobold brigands
  3 scorpions
  A bullfrog (Lair:1)
  A howler monkey (D:8)
  2 hounds
  A jelly (D:5)
  2 orc priests (D:8)
  A gnoll bouda (D:8)
  2 orc wizards
  7 iguanas
  4 adders
  7 gnolls
  A shadow imp (D:6)
  2 white imps
  2 dart slugs
  8 orcs
  7 bats
  5 endoplasms
  2 giant cockroaches
  4 goblins
  7 hobgoblins
  5 jackals
  2 quokkas
  10 ball pythons
  4 frilled lizards
  15 kobolds
  8 rats
148 creatures vanquished.

Notes
Turn   | Place    | Note
-------+----------+-------------------------------------------
     0 | D:1      | GloriousHammer the Armataur Berserker began the quest for
                  | the Orb.
     0 | D:1      | Reached XP level 1. HP: 19/19 MP: 1/1
   103 | D:1      | Reached skill level 3 in Maces & Flails
   169 | D:1      | Reached XP level 2. HP: 26/26 MP: 2/2
   383 | D:1      | Reached XP level 3. HP: 32/32 MP: 3/3
   386 | D:1      | Reached ** piety under Trog
   961 | D:2      | Found a faded altar of an unknown god.
  1002 | D:2      | Reached skill level 4 in Maces & Flails
  1150 | D:2      | Reached XP level 4. HP: 20/39 MP: 4/4
  1761 | D:3      | Identified the ring of Cimybeby {rCorr Slay+2}
  2012 | D:3      | Found a faded altar of an unknown god.
  2156 | D:3      | Found a white marble altar of Elyvilon.
  2250 | D:4      | Found Ridox's Magic Scroll Shoppe.
  2253 | D:4      | Bought a scroll of identify for 24 gold pieces
  2253 | D:4      | Bought a scroll of fear for 48 gold pieces
  2253 | D:4      | Bought a scroll of butterflies for 48 gold pieces
  2253 | D:4      | Bought a scroll of teleportation for 36 gold pieces
  2341 | D:4      | Reached skill level 5 in Maces & Flails
  2341 | D:4      | Reached skill level 1 in Throwing
  2341 | D:4      | Reached XP level 5. HP: 20/44 MP: 5/5
  2476 | D:4      | Found an iron altar of Okawaru.
  2891 | D:4      | Reached *** piety under Trog
  3240 | D:5      | Entered Level 5 of the Dungeon
  3240 | D:5      | Noticed an ice beast
  3251 | D:5      | Killed an ice beast
  3316 | D:5      | You fall into a shaft and drop 2 floors!
  3352 | D:7      | Reached XP level 6. HP: 53/53 MP: 6/6
  3445 | D:7      | Found a staircase to the Ecumenical Temple.
  3614 | D:7      | Noticed a steam dragon
  3634 | D:7      | Killed a steam dragon
  3635 | D:7      | Reached skill level 6 in Maces & Flails
  3833 | D:6      | Noticed Maggie
  3877 | D:6      | Killed Maggie
  3878 | D:6      | Reached skill level 7 in Maces & Flails
  3878 | D:6      | Reached XP level 7. HP: 49/59 MP: 7/7
  4031 | D:5      | Upgraded the game from 0.31-a0-263-ge8cad7f256 to
                  | 0.31-a0-271-gb88eb75e06
  4335 | D:5      | Reached skill level 8 in Maces & Flails
  4664 | D:5      | Reached XP level 8. HP: 52/66 MP: 8/8
  5473 | D:6      | Found an opulent altar of Gozag.
  5561 | D:6      | Reached skill level 1 in Evocations
  5650 | D:6      | Identified the +6 dagger of Plog {venom, rF- rC+ Int+5}
  5777 | D:6      | Found a runed translucent door.
  6257 | D:7      | Found a glowing golden altar of the Shining One.
  6305 | D:7      | Reached skill level 9 in Maces & Flails
  6475 | Temple   | Entered the Ecumenical Temple
  6781 | D:8      | Noticed a two-headed ogre
  6792 | D:8      | Killed a two-headed ogre
  6793 | D:8      | Reached XP level 9. HP: 75/75 MP: 9/9
  6858 | D:8      | Found a stormy altar of Qazlal.
  7107 | D:8      | Noticed Prince Ribbit
  7139 | D:8      | Killed Prince Ribbit
  7140 | D:8      | Reached skill level 5 in Armour
  7409 | D:8      | Reached skill level 10 in Maces & Flails
  7983 | D:9      | Found a snail-covered altar of Cheibriados.
  8023 | D:9      | Identified a scroll of acquirement
  8160 | D:9      | Paralysed by a hornet for 2 turns
  8162 | D:9      | HP: 1/77 [hornet (7)]
  8409 | D:9      | Reached XP level 10. HP: 44/85 MP: 10/10
  8509 | D:9      | Reached skill level 5 in Fighting
  8638 | D:9      | Found a staircase to the Lair.
  8946 | Lair:1   | Entered Level 1 of the Lair of Beasts
  9004 | Lair:1   | Noticed a cane toad
  9070 | Lair:1   | Reached skill level 11 in Maces & Flails
  9115 | D:9      | HP: 1/87 [wolf (7)]
  9116 | D:9      | Slain by a wolf

Illustrated notes

Levels and vault maps discovered:
D:1:      sevenhm_arrival_forest_fort_small_6, layout_basic, st_stairs_2
D:2:      layout_loops_ring, shapermc_ecumenical_altar_ellora
D:3:      kennysheep_big_flooded_room, layout_basic,
          nicolae_overflow_ecumenical_swirl
D:4:      layout_basic, okawaru_trees_2, serial_shops,
          nicolae_shop_tiny_real_fake_doors, grunt_decor_one_mirror,
          chequers_serial_rivers_large_a
D:5:      layout_layer_cave, minmay_misc_feat_ornament, st_stairs_14
D:6:      layout_cave_pods, nicolae_gozag_seed_capital, lightli_church_of_beogh,
          uniq_maggie
D:7:      layout_basic, tso_altar, minmay_temple_entry_purple_smoke,
          chequers_decorated_corner, serial_bayou_crossing
D:8:      layout_basic, nicolae_qazlal_general_emergency, uniq_prince_ribbit1
D:9:      layout_irregular_city, mainiacjoe_overflow_concentric_impassable,
          hellmonk_lair_entry_icy, wad_floor_pattern_1
Temple:   compressed_dpeg_triangle_lava_temple
Lair:1:   layout_cave_pods, infiniplex_staircase_pool

Skill      XL: |  1  2  3  4  5  6  7  8  9 10 |
---------------+-------------------------------+-----
Maces & Flails | 3 4 5 7 8 9 10 11 | 11.1
Throwing       | 1 2 3 |  3.0
Fighting       | 3 4 5 |  5.6
Armour         | 4 5 6 |  6.9
Evocations     | 2 4 |  4.0
Dodging        | 2 3 4 |  4.0

Action                     |  1- 3 |  4- 6 |  7- 9 | 10-12 || total
---------------------------+-------+-------+-------+-------++-------
  Melee: Mace              |   107 |    22 |       |       ||   129
         Tailslap          |     9 |    25 |    59 |    28 ||   121
         Whip              |       |   141 |   291 |   144 ||   576
         Punch             |       |     4 |     2 |       ||     6
 Invoke: Berserk           |       |     4 |     4 |     2 ||    10
         Trog's Hand       |       |     1 |     2 |       ||     3
  Evoke: Wand              |       |       |       |     1 ||     1
    Use: Scroll            |       |     5 |     4 |       ||     9
         Potion            |       |       |     2 |       ||     2
   Stab: Sleeping          |     2 |       |       |       ||     2
 Armour: Animal skin       |    56 |     2 |       |       ||    58
         Ring mail         |       |    64 |       |       ||    64
         Steam dragon scal |       |     2 |    24 |       ||    26
         Chain mail        |       |       |    65 |       ||    65
         Plate armour      |       |       |    21 |    65 ||    86
  Dodge: Dodged            |    59 |    58 |    86 |    27 ||   230

Table legend: (Time is in decaauts)
 A = Elapsed time spent in this place.
 B = Non-inter-level travel time spent in this place.
 C = Inter-level travel time spent in this place.
 D = Time resting spent in this place.
 E = Time spent auto-exploring this place.
 F = Levels seen in this place.
 G = Mean time per level.
                   A        B        C        D        E       F      G
               +--------+--------+--------+--------+--------+-----+--------+
         Total |   9078 |   8591 |    487 |    694 |   6252 |  11 |  825.3 |
       Dungeon |   8741 |   8273 |    468 |    694 |   6026 |   9 |  971.2 |
        Temple |    202 |    183 |     19 |      0 |    176 |   1 |  202.0 |
          Lair |    134 |    134 |      0 |      0 |     50 |   1 |  134.0 |
               +--------+--------+--------+--------+--------+-----+--------+

Top non-repeatable levels by time:
     D:5: 1382 daAuts
     D:8: 1276 daAuts
     D:6: 1112 daAuts
     D:4: 1015 daAuts
     D:9: 959 daAuts
     D:1: 927 daAuts
     D:7: 755 daAuts
     D:2: 704 daAuts
     D:3: 607 daAuts
  Temple: 202 daAuts
  Lair:1: 134 daAuts
